 Dungeon Crawl Stone Soup version 0.16-a0-3192-g4847bf6 (webtiles) character file.

230318 Gorice the Bludgeoner (level 19, -6/128 HPs)
             Began as a Gargoyle Wanderer on Dec 14, 2014.
             Was the Champion of Okawaru.
             Mangled by a vault warden
             ... wielding a +0 bardiche
              (41 damage)
             ... on level 1 of the Vaults on Dec 17, 2014.
             The game lasted 07:19:09 (44966 turns).

Gorice the Bludgeoner (Gargoyle Wanderer)          Turns: 44966, Time: 07:19:11

Health: -6/128     AC: 38    Str: 18    XL:     19   Next: 47%
Magic:  31/33      EV: 12    Int: 19    God:    Okawaru [******]
Gold:   2699       SH:  0    Dex:  9    Spells: 6 memorised, 22 levels left

rFire  + . .     SeeInvis +     a - +1 great mace (flame)
rCold  + . .     Clarity  .     S - +5 ring mail of Sizepane {rPois rC+}
rNeg   + . .     SustAb   .     (no shield)
rPois  ∞         Gourm    .     m - +1 helmet {SInv}
rElec  +         Spirit   .     F - +2 cloak {+Inv}
rCorr  .         Warding  .     H - +0 pair of gloves
rMut   .         Stasis   .     A - +0 pair of boots {run}
MR     ++...                    J - amulet of regeneration
Stlth  ++........               o - ring of protection from magic
                                C - ring of protection from fire

@: about to teleport, heroism, flying, repel missiles, quick, very resistant to
hostile enchantments, unstealthy
A: able to fly continuously, big wings, negative energy resistance 1,
electricity resistance, unbreathing, petrification resistance, rot immunity, AC
+13
a: Stop Flying, Heroism, Finesse, Renounce Religion, Evoke Invisibility
}: 1/15 runes: gossamer


You were on level 1 of the Vaults.
You worshipped Okawaru.
Okawaru was exalted by your worship.
You were not hungry.

You visited 7 branches of the dungeon, and saw 36 of its levels.
You also visited: Ice Cave and Volcano.

You collected 3894 gold pieces.
You spent 1195 gold pieces at shops.

Inventory:

Hand weapons
 a - a +1 great mace of flaming (weapon)
 b - a +0 blowgun
 e - a +2 great mace of electrocution
 M - a +6 great mace
Missiles
 t - 10 javelins (quivered)
 G - 9 curare-tipped needles
 R - 6 javelins of penetration
 Y - 3 throwing nets
Armour
 d - a +2 hat of magic resistance
 m - a +1 helmet of see invisible (worn)
 A - a +0 pair of boots of running (worn)
 F - a +2 cloak of invisibility (worn)
 H - a +0 pair of gloves (worn)
 L - a +2 chain mail of cold resistance
 O - a +2 mottled dragon armour
 S - the +5 ring mail of Sizepane (worn) {rPois rC+}
   (Okawaru gifted it to you on level 6 of the Lair of Beasts)

   It protects you from cold.
   It protects you from poison.
Jewellery
 k - a +4 ring of protection
 l - an uncursed amulet of clarity
 o - a ring of protection from magic (right hand)
 q - an uncursed amulet of resist mutation
 w - an uncursed ring of protection from cold
 C - a ring of protection from fire (left hand)
 E - an uncursed amulet of stasis
 J - an amulet of regeneration (around neck)
Magical devices
 c - a wand of heal wounds (4)
 i - a wand of cold (4)
 B - a wand of teleportation (6)
 I - a wand of disintegration (12)
 K - a wand of enslavement (11)
 N - a wand of digging (11)
 P - a wand of paralysis (11)
 U - a wand of cold (4)
 W - a wand of lightning (4)
Scrolls
 f - a scroll of noise
 g - a scroll of blinking
 j - 6 scrolls of fog
 v - a scroll of fear
 y - 3 scrolls of teleportation
 z - 12 scrolls of identify
 D - 12 scrolls of remove curse
Potions
 n - 4 potions of resistance
 p - 12 potions of curing
 r - 3 potions of agility
 s - 7 potions of cancellation
 u - 10 potions of might
 x - 2 potions of invisibility
 T - 3 potions of haste
Comestibles
 h - 18 fruits
 Q - 19 chunks of flesh
 V - 13 meat rations


   Skills:
 + Level 17.6(22.6) Fighting
 + Level 19.3(24.3) Maces & Flails
   Level 1.8(6.8) Bows
 - Level 15.2(20.2) Armour
   Level 1.1(6.1) Shields
 + Level 8.5 Spellcasting
 - Level 6.7 Conjurations
 - Level 5.0 Charms
 - Level 4.0 Summonings
 - Level 5.0 Translocations
 - Level 1.0 Transmutations
 - Level 7.4 Earth Magic
 - Level 8.2 Invocations
 + Level 5.5 Evocations


You had 22 spell levels left.
You knew the following spells:

 Your Spells              Type           Power        Failure   Level  Hunger
a - Stone Arrow           Conj/Erth      #####.       1%          3    None
b - Stoneskin             Trmt/Erth      ###.....     2%          2    None
c - Passwall              Trmt/Erth      ###.......   6%          3    None
B - Summon Butterflies    Summ           ###.....     1%          1    None
J - Blink                 Tloc           N/A          1%          2    None
M - Repel Missiles        Chrm/Air       ###...       6%          2    None


Dungeon Overview and Level Annotations

Branches:
Dungeon (15/15)            Temple (1/1) D:7            Lair (8/8) D:8
 Shoals (2/5) Lair:3       Spider (5/5) Lair:6        Slime (0/6) Lair:8
    Orc (4/4) D:12            Elf (0/3) Orc:3        Vaults (1/5) D:13
 Depths (0/5) D:15

Altars:
Ashenzari
Cheibriados
Dithmenos
Elyvilon
Fedhas
Gozag
Kikubaaqudgha
Makhleb
Nemelex Xobeh
Okawaru
Qazlal
Ru
Sif Muna
Trog
Vehumet
Xom
Yredelemnul
Zin
The Shining One
Beogh
Jiyva

Shops:
D:12 (=   Orc:4 [:(*

Annotations:
Shoals:2 pUX


Innate Abilities, Weirdness & Mutations

You are resistant to torment.
You are immune to poison.
You can fly continuously.
Your stone body is very resilient (AC +13).
Your wings are large and strong.
You resist negative energy.
You are resistant to electric shocks.
You can survive without breathing.
You are immune to petrification.
You are immune to rotting.


Message History

Read which item? (? for menu, Esc to quit)
As you read the scroll of teleportation, it crumbles to dust.
You feel strangely unstable.
The vault warden hits you but does no damage.
Use which ability? (? or * to list)
You gain the combat prowess of a mighty hero.
You feel slightly more hungry. The vault warden completely misses you.
A vault sentinel comes into view. It is wielding a morningstar.
You sock the vault guard! You burn the vault guard.
The vault guard is moderately wounded.
The vault guard hits you but does no damage.
The vault sentinel moves out of view.
Unknown command.
You hammer the vault guard like a gong!!!
You burn the vault guard.
You kill the vault guard!
Okawaru accepts your kill.
Your skin feels tender.
The vault warden hits you from afar with a bardiche!!!
You die...

..#######)#####################
#...p.(# #....... #......#
#....... #..<)..# #.......
#.).pp.# #...c).. #....o.#
#....... #...((.# #(..ppc. .
#####'####### #######'### ....
#pp)@+..# #.....c.# ....#
###.p###..###...p.p.# ....#
#...## ##...#...)...# ....#
#..## ##..#.......# ....# #+##
##'#.......# ....# #.#
#.)p).....# ....# #'##
##+#.......# ....# #..##
##..######### ....# #...##
##...#


You could see a vault warden, a vault sentinel and an ironbrand convoker.

Vanquished Creatures
  Arachne (Spider:5)
  Agnes (Vaults:1)
  The ghost of Johnny the Quickloader, a mighty HuHu of Okawaru (Shoals:1)
  Wiglaf (Vaults:1)
  A frost giant (IceCv)
  2 ghost moths (Spider:5)
  2 vault wardens (Vaults:1)
  3 rakshasas (D:14)
  9 emperor scorpions
  2 orc warlords
  Jorgrun (Spider:5)
  A stone giant (Vaults:1)
  A war gargoyle (Vaults:1)
  A deep elf demonologist (Vaults:1)
  The ghost of asdu the Bludgeoner, a powerful GrBe of Trog (Spider:2)
  Snorg (Orc:4)
  A yaktaur captain (Vaults:1)
  A merfolk javelineer (Shoals:2)
  A deep elf death mage (Vaults:1)
  A merfolk impaler (Shoals:1)
  8 vault guards
  4 ironheart preservers (Vaults:1)
  Fannar (Lair:3)
  Harold (Lair:5)
  4 ogre magi
  8 hydras
  2 merfolk avatars
  6 centaur warriors
  A tengu warrior (D:13)
  A large abomination (Vaults:1)
  10 death yaks
  2 orc high priests (Orc:4)
  A vampire mage (D:15)
  Urug (D:11)
  A shadow wraith (Vaults:1)
  A deep elf knight (Vaults:1)
  A catoblepas (Lair:6)
  2 skeletal warriors
  2 unseen horrors
  6 sea snakes
  2 ice statues
  4 orc knights
  Pikel (D:5)
  7 hill giants
  5 ironbrand convokers (Vaults:1)
  19 ugly things
  2 necromancers
  21 orb spiders
  An oklob plant (Lair:8)
  38 wolf spiders
  11 harpies
  5 orc sorcerers (Orc:4)
  A deep elf conjurer (Vaults:1)
  A stone giant zombie (Vaults:1)
  2 water nymphs
  4 red wasps
  A sphinx skeleton (D:15)
  A fire giant zombie (D:15)
  2 moths of wrath
  A spriggan zombie (D:15)
  2 cyclopes
  Maurice (D:11)
  6 griffons
  3 centaur zombies
  2 sirens (Shoals:2)
  5 manticores
  6 fauns (Shoals:2)
  A torpor snail (Spider:4)
  The ghost of myeffort the Ogre Mage, an experienced OgWz of Okawaru (D:5)
  2 black mambas (Lair:6)
  6 spiny frogs
  A gargoyle (D:15)
  A vault sentinel (Vaults:1)
  A yaktaur zombie (Vaults:1)
  5 demonic crawlers
  7 fire drakes
  A hellwing (Orc:4)
  18 komodo dragons
  19 yaktaurs
  A freezing wraith (Vaults:1)
  A spriggan druid (Lair:8)
  A deep elf priest (Vaults:1)
  25 jumping spiders
  8 merfolk
  21 polar bears
  Sonja (D:15)
  A troll (shapeshifter) (Vaults:1)
  6 slime creatures
  5 trolls
  3 boulder beetles
  2 ravens (D:13)
  2 wandering mushrooms (Lair:1)
  22 blink frogs
  7 snapping turtles
  An ettin zombie (D:15)
  12 two-headed ogres
  A human simulacrum (Vaults:1)
  7 basilisks
  A vampire (D:15)
  18 trapdoor spiders
  14 spriggans
  60 redbacks
  3 shadows
  85 yaks
  2 water elementals
  31 tarantellas
  6 deep elf magi
  2 wraiths
  9 hippogriffs
  7 deep elf fighters
  A vampire mosquito (Vaults:1)
  2 hungry ghosts
  3 wyverns
  9 wargs
  49 wolves
  3 soldier ants
  19 water moccasins
  9 porcupines
  6 ice beasts
  6 mottled dragons
  2 ogre skeletons (Vaults:1)
  2 eyes of draining
  4 sky beasts
  40 orc warriors
  6 yellow wasps
  16 centaurs
  A red wasp simulacrum (D:14)
  5 black bears
  33 spiders
  22 ogres
  3 phantoms
  16 crocodiles
  A lost soul (Vaults:1)
  Sigmund (D:5)
  A boring beetle (Spider:5)
  28 giant frogs
  A human zombie (Vaults:1)
  3 gnoll sergeants
  A big kobold (D:8)
  Blork the orc (D:5)
  A water moccasin skeleton (D:6)
  8 scorpions
  17 wights
  19 killer bees
  3 electric eels
  A goliath beetle (D:6)
  33 orc priests
  5 crimson imps
  6 centaur skeletons
  9 hounds
  A gnoll shaman (D:4)
  Crazy Yiuf (D:2)
  A giant frog skeleton (D:11)
  3 giant frog zombies
  8 jellies
  8 iguanas
  Natasha (D:3)
  23 orc wizards
  3 sheep (Lair:7)
  15 worker ants
  An elf simulacrum (Vaults:1)
  Jessica (D:2)
  An ogre zombie (Orc:4)
  Terence (D:2)
  A hound skeleton (D:10)
  Robin (D:3)
  58 river rats
  A worker ant zombie (D:11)
  23 adders
  12 white imps (D:11)
  16 gnolls
  2 worms (D:3)
  3 shadow imps
  An adder skeleton (D:8)
  An adder zombie (D:6)
  A giant gecko (D:5)
  2 oozes
  169 orcs
  3 ball pythons
  10 bats
  A bat skeleton (D:6)
  6 giant cockroaches
  22 hobgoblins
  5 jackals
  18 kobolds
  15 quokkas
  A ball python skeleton (D:4)
  A giant gecko skeleton (D:8)
  6 giant newts
  4 giant spores
  28 goblins
  3 orc zombies (Orc:4)
  16 rats
  A spectral orc (D:7)
  10 ballistomycetes
  A fungus (Lair:8)
  2 plants
1586 creatures vanquished.

Vanquished Creatures (others)
  An unseen horror (Vaults:1)
  A jumping spider (Spider:5)
  2 slaves (D:5)
  A lost soul (Vaults:1)
  A giant frog skeleton (D:5)
  A worker ant (D:5)
  2 sheep (Lair:7)
  A bat (D:5)
  9 butterflies
  A fungus (Orc:4)
  4 plants
  4 tentacles (Shoals:2)
  A tentacle segment (Shoals:2)
29 creatures vanquished.

Grand Total: 1615 creatures vanquished

Notes
Turn   | Place    | Note
--------------------------------------------------------------
     0 | D:1      | Gorice, the Gargoyle Wanderer, began the quest for the Orb.
     0 | D:1      | Gorice set off with: a book of Minor Magic, a +0 ring mail, a +0 shortbow, 23 arrows, a bread ration
     0 | D:1      | Reached XP level 1. HP: 14/14 MP: 2/2
     1 | D:1      | Noticed an electric eel
    48 | D:1      | Reached XP level 2. HP: 19/19 MP: 3/3
   473 | D:1      | Reached XP level 3. HP: 23/23 MP: 4/4
  1052 | D:2      | Reached skill level 1 in Maces & Flails
  1168 | D:2      | Noticed Terence
  1217 | D:2      | Noticed Jessica
  1222 | D:2      | Killed Jessica
  1222 | D:2      | Reached XP level 4. HP: 29/29 MP: 5/5
  1322 | D:2      | Killed Terence
  1566 | D:2      | Noticed Crazy Yiuf
  1589 | D:2      | Killed Crazy Yiuf
  1589 | D:2      | Reached XP level 5. HP: 30/33 MP: 7/7
  1783 | D:3      | Found an opulent altar of Gozag.
  1796 | D:3      | Noticed Robin
  1803 | D:3      | Killed Robin
  2136 | D:3      | Noticed Natasha
  2141 | D:3      | Found a white marble altar of Elyvilon.
  2150 | D:3      | Killed Natasha
  2251 | D:3      | Reached XP level 6. HP: 38/38 MP: 8/8
  2658 | D:4      | Reached skill level 4 in Maces & Flails
  2918 | D:4      | Reached skill level 5 in Maces & Flails
  2918 | D:4      | Reached XP level 7. HP: 42/42 MP: 9/9
  3243 | D:4      | Found a blossoming altar of Fedhas.
  3594 | D:5      | Entered Level 5 of the Dungeon
  3596 | D:5      | Noticed myeffort's ghost (experienced OgWz)
  3668 | D:5      | Killed myeffort's ghost
  3668 | D:5      | Reached skill level 6 in Maces & Flails
  3668 | D:5      | Reached skill level 5 in Armour
  3668 | D:5      | Reached XP level 8. HP: 48/48 MP: 10/10
  3702 | D:5      | Noticed Sigmund
  3714 | D:5      | Killed Sigmund
  3714 | D:5      | Reached skill level 7 in Maces & Flails
  3939 | D:5      | Noticed Pikel
  3962 | D:5      | Killed Pikel
  3962 | D:5      | Reached skill level 8 in Maces & Flails
  4004 | D:5      | Noticed Blork the orc
  4029 | D:5      | Killed Blork the orc
  4144 | D:5      | Reached XP level 9. HP: 52/52 MP: 11/11
  4192 | D:5      | Reached skill level 9 in Maces & Flails
  5743 | D:6      | Reached skill level 10 in Maces & Flails
  6552 | D:7      | Found a staircase to the Ecumenical Temple.
  6570 | Temple   | Entered the Ecumenical Temple
  6652 | Temple   | Became a worshipper of Warmaster Okawaru
  6985 | D:7      | Reached XP level 10. HP: 45/56 MP: 13/13
  7313 | D:7      | Reached skill level 11 in Maces & Flails
  7383 | D:7      | Found a basalt altar of Yredelemnul.
  7994 | D:8      | Found a staircase to the Lair.
  8050 | D:8      | Acquired Okawaru's first power
  8244 | D:8      | Found a deep blue altar of Sif Muna.
  8332 | D:8      | Reached skill level 12 in Maces & Flails
  8332 | D:8      | Reached skill level 1 in Invocations
  8441 | D:8      | Noticed an ice statue
  8499 | D:8      | Found an ancient bone altar of Kikubaaqudgha.
  8807 | Lair:1   | Entered Level 1 of the Lair of Beasts
  8958 | Lair:1   | Reached skill level 10 in Armour
  9006 | Lair:1   | Reached XP level 11. HP: 58/60 MP: 12/14
  9067 | Lair:1   | Reached skill level 13 in Maces & Flails
  9649 | Lair:1   | Noticed an eight-headed hydra
  9690 | Lair:1   | Killed an eight-headed hydra
  9690 | Lair:1   | Reached skill level 5 in Fighting
 10882 | Lair:2   | Found a shimmering altar of Xom.
 11007 | Lair:2   | Reached XP level 12. HP: 58/71 MP: 16/16
 11599 | Lair:2   | Acquired Okawaru's second power
 11599 | Lair:2   | Reached skill level 14 in Maces & Flails
 11936 | Lair:3   | Noticed a four-headed hydra
 11958 | Lair:3   | Killed a four-headed hydra
 12051 | Lair:3   | Found a dark tunnel.
 12062 | Volcano  | Entered a volcano
 12231 | Volcano  | Noticed an ogre mage
 12263 | Volcano  | Killed an ogre mage
 12644 | Lair:3   | Noticed Fannar
 12656 | Lair:3   | Killed Fannar
 12668 | Lair:3   | Found a staircase to the Shoals.
 13033 | Lair:3   | Found a hole to the Spider Nest.
 13175 | Lair:3   | Received a gift from Okawaru
 13317 | Lair:3   | Upgraded the game from 0.16-a0-3149-g1169300 to 0.16-a0-3159-g1b9e691
 13526 | Lair:4   | Reached skill level 5 in Invocations
 13593 | Lair:4   | Reached XP level 13. HP: 80/80 MP: 21/21
 13740 | Lair:4   | Noticed a six-headed hydra
 13752 | Lair:4   | Killed a six-headed hydra
 14025 | Lair:4   | Noticed an eight-headed hydra
 14032 | Lair:4   | Killed an eight-headed hydra
 14354 | Lair:5   | Found a snail-covered altar of Cheibriados.
 14678 | Lair:5   | Received a gift from Okawaru
 14770 | Lair:5   | Reached skill level 15 in Maces & Flails
 14779 | Lair:5   | Noticed Harold
 14796 | Lair:5   | Killed Harold
 15250 | Lair:5   | Reached skill level 10 in Fighting
 15414 | Lair:6   | Received a gift from Okawaru
 15454 | Lair:6   | Got a jewelled ring mail {god gift}
 15526 | Lair:5   | Identified the +5 ring mail of Sizepane {rPois rC+} (Okawaru gifted it to you on level 6 of the Lair of Beasts)
 15542 | Lair:6   | Found a hole to the Spider Nest.
 16252 | Lair:6   | Gained mutation: Your wings are large and strong. [gargoyle growth]
 16252 | Lair:6   | Reached XP level 14. HP: 88/88 MP: 24/25
 17029 | Lair:7   | Learned a level 1 spell: Summon Butterflies
 17523 | Lair:7   | Received a gift from Okawaru
 17664 | Lair:7   | Identified a +0 pair of boots of running (Okawaru gifted it to you on level 7 of the Lair of Beasts)
 17931 | Lair:8   | Entered Level 8 of the Lair of Beasts
 18045 | Lair:8   | Found a staircase to the Slime Pits.
 18045 | Lair:8   | Found a viscous altar of Jiyva.
 18168 | Lair:8   | Found a deep blue altar of Sif Muna.
 18512 | Lair:8   | Reached skill level 16 in Maces & Flails
 19270 | Lair:8   | Received a gift from Okawaru
 19985 | Lair:1   | Learned a level 2 spell: Blink
 19988 | Lair:1   | Learned a level 2 spell: Repel Missiles
 20133 | D:8      | Killed an ice statue
 20177 | D:8      | Learned a level 3 spell: Stone Arrow
 20417 | D:9      | Found a burning altar of Makhleb.
 20880 | D:10     | Entered Level 10 of the Dungeon
 20936 | D:10     | Reached skill level 1 in Translocations
 20949 | D:10     | Reached XP level 15. HP: 85/97 MP: 27/27
 21292 | D:10     | Got a crude great sword
 21897 | D:11     | Noticed Urug
 21899 | D:11     | Noticed Maurice
 21922 | D:11     | Killed Urug
 21930 | D:11     | Killed Maurice
 22181 | D:11     | Found a frozen archway.
 22250 | IceCv    | Entered an ice cave
 22271 | IceCv    | Reached skill level 15 in Armour
 22851 | IceCv    | Noticed a frost giant
 22887 | IceCv    | Killed a frost giant
 23964 | D:11     | Found a shimmering altar of Xom.
 24430 | D:12     | Found Luoryoh's Jewellery Boutique.
 24441 | D:12     | Found a staircase to the Orcish Mines.
 24443 | D:12     | Found Ikhlaoq's Weapon Shop.
 24530 | D:12     | Bought an uncursed amulet of resist mutation for 560 gold pieces
 24709 | D:12     | Found a basalt altar of Yredelemnul.
 24755 | D:12     | Received a gift from Okawaru
 24760 | D:12     | Got an ichor-stained shield {god gift}
 25171 | Lair:1   | Identified a scroll of acquirement
 25184 | Lair:1   | Identified the -5 shield "Ilisyw" {rF+} (Okawaru gifted it to you on level 12 of the Dungeon)
 25315 | Orc:1    | Entered Level 1 of the Orcish Mines
 26392 | Orc:3    | Found an iron altar of Okawaru.
 26414 | Orc:3    | Found a staircase to the Elven Halls.
 27017 | Orc:4    | Entered Level 4 of the Orcish Mines
 27124 | Orc:4    | Paralysed by an orc sorcerer for 2 turns
 27146 | Orc:3    | Reached skill level 5 in Translocations
 27275 | Orc:4    | Found Kaul's General Store.
 27291 | Orc:4    | Reached skill level 17 in Maces & Flails
 27387 | Orc:4    | Bought a scroll of identify for 28 gold pieces
 27478 | Orc:4    | Found a roughly hewn altar of Beogh.
 27552 | Orc:4    | Noticed Snorg
 27565 | Orc:4    | Killed Snorg
 27577 | Orc:4    | Found Coushaddum's Antique Weapon Shop.
 27578 | Orc:4    | Upgraded the game from 0.16-a0-3159-g1b9e691 to 0.16-a0-3178-g2c88c44
 27649 | Orc:4    | Paralysed by an orc sorcerer for 3 turns
 27753 | Orc:4    | Reached XP level 16. HP: 87/105 MP: 27/27
 27799 | Orc:4    | Found Oraybuir's Book Emporium.
 28392 | Orc:4    | Found Saxaosikh's Antique Armour Shop.
 28461 | Orc:4    | Bought an embroidered cloak for 121 gold pieces
 28897 | Orc:4    | Bought a polished scale mail for 243 gold pieces
 28897 | Orc:4    | Bought a jewelled ring mail for 243 gold pieces
 29067 | Lair:1   | Identified the -4 ring mail of the Abyss {rF+ rC+} (You bought it in a shop on level 4 of the Orcish Mines)
 29077 | Lair:1   | Identified the cursed +5 scale mail "Cuzagat" {Stlth+} (You bought it in a shop on level 4 of the Orcish Mines)
 29906 | D:13     | Received a gift from Okawaru
 29907 | D:13     | Got a scorched quick blade {god gift}
 29915 | D:13     | Found a gate to the Vaults.
 29951 | D:13     | Reached skill level 1 in Charms
 31274 | D:14     | Identified the +8 quick blade "Mnisem" {pierce, +Fly rElec MR++} (Okawaru gifted it to you on level 13 of the Dungeon)
 31278 | D:15     | Entered Level 15 of the Dungeon
 31343 | D:15     | Noticed Sonja
 31363 | D:15     | Killed Sonja
 31384 | D:15     | Found a staircase to the Depths.
 31622 | D:15     | Received a gift from Okawaru
 31995 | D:15     | Reached skill level 15 in Fighting
 32045 | D:15     | Received a gift from Okawaru
 32046 | D:15     | Got a smoking buckler {god gift}
 32056 | D:15     | Identified the +1 buckler "Threogej" {Str+3 Int+3} (Okawaru gifted it to you on level 15 of the Dungeon)
 32520 | D:15     | Reached skill level 18 in Maces & Flails
 32980 | Spider:1 | Entered Level 1 of the Spider Nest
 33014 | Spider:1 | Reached skill level 5 in Charms
 33213 | Spider:1 | Reached XP level 17. HP: 33/113 MP: 26/28
 33370 | Spider:1 | Reached skill level 1 in Conjurations
 33545 | Spider:1 | Reached skill level 1 in Earth Magic
 34307 | Spider:2 | Noticed asdu's ghost (powerful GrBe)
 34317 | Spider:2 | Killed asdu's ghost
 34709 | Spider:2 | Received a gift from Okawaru
 36918 | Spider:4 | Reached skill level 5 in Conjurations
 36932 | Spider:4 | Reached skill level 5 in Earth Magic
 37358 | Spider:5 | Entered Level 5 of the Spider Nest
 37564 | Spider:4 | Reached skill level 5 in Spellcasting
 37945 | Spider:5 | Reached XP level 18. HP: 70/120 MP: 29/29
 37998 | Spider:5 | Received a gift from Okawaru
 37999 | Spider:5 | Got a crude chain mail {god gift}
 38263 | Spider:5 | Noticed Arachne
 38300 | Spider:5 | Killed Arachne
 38414 | Spider:5 | Got a shimmering ring mail
 38492 | Spider:5 | Noticed Jorgrun
 38516 | Spider:5 | Killed Jorgrun
 39691 | Spider:5 | Got a gossamer rune of Zot
 39901 | Lair:6   | Identified the +5 chain mail of Negation {rN+} (Okawaru gifted it to you on level 5 of the Spider Nest)
 39911 | Lair:6   | Identified the +3 ring mail "Jemi" {Str+1 Int-3 Curse} (You found it on level 5 of the Spider Nest)
 39927 | Lair:6   | Upgraded the game from 0.16-a0-3178-g2c88c44 to 0.16-a0-3192-g4847bf6
 40303 | Shoals:1 | Entered Level 1 of the Shoals
 40303 | Shoals:1 | Noticed Johnny's ghost (mighty HuHu)
 40320 | Shoals:1 | Killed Johnny's ghost
 41951 | Shoals:2 | Received a gift from Okawaru
 42590 | Lair:1   | Learned a level 2 spell: Stoneskin
 42594 | Lair:1   | Learned a level 3 spell: Passwall
 42846 | Vaults:1 | Entered Level 1 of the Vaults
 42889 | Vaults:1 | Reached skill level 19 in Maces & Flails
 43372 | Vaults:1 | Noticed Agnes
 43381 | Vaults:1 | Killed Agnes
 43381 | Vaults:1 | Received a gift from Okawaru
 43471 | Vaults:1 | Reached XP level 19. HP: 121/128 MP: 32/32
 43522 | Vaults:1 | Noticed Wiglaf
 43828 | Vaults:1 | Killed Wiglaf
 44219 | Vaults:1 | HP: 6/128 [fire crab (shapeshifter) (4)]
 44499 | Vaults:1 | Reached skill level 5 in Evocations
 44966 | Vaults:1 | Mangled by a vault warden

Action                   |  1- 3 |  4- 6 |  7- 9 | 10-12 | 13-15 | 16-18 | 19-21 || total
-------------------------+-------+-------+-------+-------+-------+-------+-------++-------
Melee: Unarmed           |     5 |       |       |       |       |       |       ||     5
       Whip              |    35 |   180 |   393 |  1064 |       |       |       ||  1672
       Flail             |       |       |    15 |    89 |       |       |       ||   104
       Great mace        |       |       |       |   124 |  2177 |  2246 |   348 ||  4895
 Fire: Shortbow          |   119 |    14 |    60 |    12 |    47 |   335 |       ||   587
       Blowgun           |       |       |     7 |    25 |       |       |       ||    32
Throw: Tomahawk          |     1 |     4 |     5 |    31 |     4 |       |       ||    45
       Stone             |       |     1 |       |     4 |       |       |       ||     5
       Javelin           |       |       |       |     2 |    10 |    33 |       ||    45
       Throwing net      |       |       |       |       |       |     3 |       ||     3
 Cast: Repel Missiles    |       |       |       |       |     7 |    10 |     3 ||    20
       Summon Butterflie |       |       |       |       |     4 |     1 |       ||     5
       Blink             |       |       |       |       |       |    46 |     1 ||    47
       Stone Arrow       |       |       |       |       |       |    67 |    26 ||    93
       Stoneskin         |       |       |       |       |       |     1 |     5 ||     6
Invok: Heroism           |       |       |       |     8 |     9 |    11 |     3 ||    31
       Finesse           |       |       |       |       |       |     1 |     1 ||     2
 Abil: Fly               |       |       |       |       |     1 |       |       ||     1
       Evoke Invisibilit |       |       |       |       |       |     1 |     2 ||     3
Evoke: Wand              |       |       |       |     2 |       |    11 |     6 ||    19
  Use: Scroll            |     7 |     6 |     9 |     8 |    11 |    13 |     3 ||    57
       Potion            |       |       |       |     1 |     1 |     2 |       ||     4
 Stab: Held in net/web   |       |       |       |     1 |       |       |       ||     1
       Invisible         |       |       |       |       |     1 |       |     3 ||     4
       Fleeing           |       |       |       |       |     1 |       |       ||     1
  Eat: Chunk             |     1 |     6 |    13 |    23 |    58 |    70 |     5 ||   176
       Pizza             |       |       |       |     2 |       |       |       ||     2
       Beef jerky        |       |       |       |       |       |     1 |       ||     1
       Meat ration       |       |       |       |       |       |       |     1 ||     1
